 Dungeon Crawl Stone Soup version 0.21-a0-625-g1119ec1 (webtiles) character file.

1144 tidbits the Digger (level 8, -5/58 HPs)
             Began as a Gnoll Earth Elementalist on Dec 24, 2017.
             Was a Follower of Cheibriados.
             Killed by divine providence
             ... invoked by an orc priest
              (15 damage)
             ... on level 6 of the Dungeon.
             The game lasted 00:16:45 (1414 turns).

tidbits the Digger (Gnoll Earth Elementalist)       Turns: 1414, Time: 00:16:46

Health: -5/58      AC:  5    Str: 17      XL:     8   Next: 37%
Magic:  17/17      EV: 15    Int: 21 (22) God:    Cheibriados [*.....]
Gold:   22         SH:  0    Dex: 18      Spells: 12/19 levels left

rFire    . . .     SeeInvis .   k - +3 short sword (drain)
rCold    . . .     Gourm    .   (no shield)
rNeg     . . .     Faith    +   b - +0 leather armour (curse)
rPois    .         Spirit   .   (no helmet)
rElec    .         Reflect  .   C - +0 cloak
rCorr    .         Harm     .   h - +0 pair of gloves
MR       .....                  (no boots)
Stlth    +++.......             l - amulet of faith
HPRegen  0.19/turn              (no ring)
MPRegen  0.15/turn              (no ring)

@: mighty, very slow
A: distributed training, fangs 1, strong nose
a: Bend Time, Renounce Religion


You were on level 6 of the Dungeon.
You worshipped Cheibriados.
Cheibriados was aware of your devotion.
You were not hungry.

You visited 1 branch of the dungeon, and saw 8 of its levels.

You collected 189 gold pieces.
You spent 167 gold pieces at shops.

Inventory:

Hand Weapons
 g - a +0 spear
 i - a +0 short sword
 j - a +0 morningstar
 k - a +3 short sword of draining (weapon)
   (You took it off Duvessa on level 4 of the Dungeon)
 m - a +2 dagger of venom
   (You took it off Dowan on level 4 of the Dungeon)
Missiles
 a - an arrow
 q - 3 throwing nets (quivered) {!f}
Armour
 b - a cursed +0 leather armour (worn)
 d - a +0 robe
 h - a +0 pair of gloves (worn)
 C - a +0 cloak (worn)
Jewellery
 l - an amulet of faith (around neck)
   (You found it on level 1 of the Dungeon)
Scrolls
 f - 2 scrolls of fog
 n - 2 scrolls of blinking
 r - a scroll of remove curse
 s - a scroll of enchant weapon
 t - 2 scrolls of teleportation
 w - a scroll of magic mapping
Books
 e - a book of Geomancy

   Spells                             Type                      Level
   a - Sandblast                      Earth                        1
   b - Passwall                       Transmutation/Earth          2
   c - Stone Arrow                    Conjuration/Earth            3
   d - Petrify                        Transmutation/Earth          4
   e - Lee's Rapid Deconstruction     Earth                        5
Comestibles
 c - 10 rations


   Skills:
 + Level 3.1 Fighting
 + Level 3.1 Short Blades
 + Level 3.1 Long Blades
 + Level 3.1 Axes
 + Level 3.1 Maces & Flails
 + Level 3.1 Polearms
 + Level 3.1 Staves
 + Level 3.1 Slings
 + Level 3.1 Bows
 + Level 3.1 Crossbows
 + Level 3.1 Throwing
 + Level 3.1 Armour
 + Level 5.6 Dodging
 + Level 5.3 Stealth
 + Level 3.1 Shields
 + Level 3.1 Unarmed Combat
 + Level 6.0 Spellcasting
 + Level 2.5 Conjurations
 + Level 2.5 Hexes
 + Level 2.5 Charms
 + Level 2.5 Summonings
 + Level 2.5 Necromancy
 + Level 2.5 Translocations
 + Level 3.4 Transmutations
 + Level 2.5 Fire Magic
 + Level 2.5 Ice Magic
 + Level 2.5 Air Magic
 + Level 6.1 Earth Magic
 + Level 2.5 Poison Magic
 + Level 3.5 Invocations
 + Level 3.1 Evocations


You had 12 spell levels left.
You knew the following spells:

 Your Spells              Type           Power        Failure   Level  Hunger
a - Sandblast             Erth           ####..       1%          1    None
e - Petrify               Tmut/Erth      ####....     16%         4    ####...
p - Passwall              Tmut/Erth      ####......   2%          2    None


Dungeon Overview and Level Annotations

Branches:
Dungeon (8/15)
 Temple: D:4-7         Lair: D:8-11

Altars:
Cheibriados
Hepliaklqana
Qazlal
Xom

Shops:
D:4 *   D:6 ?


Innate Abilities, Weirdness & Mutations

Your experience applies equally to all skills.
You have very sharp teeth.
Your uncanny sense of smell can sniff out nearby items.


Message History

The leopard gecko closely misses you.
You miss the leopard gecko. Your bite misses the leopard gecko.
The leopard gecko closely misses you.
You closely miss the leopard gecko. Your bite misses the leopard gecko.
The leopard gecko bites you but does no damage.
You hit the leopard gecko. You drain the leopard gecko!
The leopard gecko is almost dead.
The leopard gecko barely misses you. The leopard gecko misses you.
You hit the leopard gecko.
You kill the leopard gecko!
Cheibriados appreciates the change of pace.
There is an escape hatch in the ceiling here.
An ice beast comes into view.
The ice beast hits you but does no damage.
The flow of time bends around you.
Cheibriados rebukes the ice beast.
The ice beast seems to slow down.
You feel slightly more hungry.
Okay, then.
You barely miss the ice beast. The ice beast hits you.
* * * LOW HITPOINT WARNING * * *
The ice beast freezes you!
* * * LOW HITPOINT WARNING * * *
You feel very mighty all of a sudden. The ice beast closely misses you.
You puncture the ice beast! Your bite misses the ice beast.
The ice beast is moderately wounded.
You puncture the ice beast! You drain the ice beast!
The ice beast is almost dead.
The ice beast hits you but does no damage.
You puncture the ice beast!
You kill the ice beast!
You feel your dexterity returning.
Magic restored.
A quokka comes into view.
You puncture the quokka!
You kill the quokka!
Cheibriados appreciates the change of pace.
Found a stone staircase leading up.
The orc shouts!
You hear a shout! x2
The orc throws a tomahawk.
The tomahawk closely misses you.
You see here a tomahawk.
A gnoll comes into view. It is wielding a spear.
The orc throws a tomahawk.
The tomahawk hits you but does no damage.
A gnoll comes into view. It is wielding a spear.
You see here a tomahawk.
A gnoll comes into view. It is wielding a whip.
The gnoll shouts!
The orc priest hits you but does no damage.
A gnoll comes into view. It is wielding a whip.
The gnoll shouts! x2
You hit the orc priest.
The orc priest is moderately wounded.
The orc priest looks encouraged for a moment.
Okay, then.
The gnoll shouts!
You puncture the orc priest!
You kill the orc priest!
Cheibriados thoroughly appreciates the change of pace.
The orc priest looks braver for a moment.
You hit the orc.
The orc is heavily wounded.
The orc closely misses you.
You puncture the orc!
You kill the orc!
Cheibriados appreciates the change of pace.
You feel your dexterity returning.
Your Spellcasting skill increases to level 6!
The gnoll completely misses you.
The orc priest miscasts a cantrip.
Okay, then.
The gnoll barely misses you.
You see here an orc corpse.
You closely miss the gnoll. The gnoll hits you with a spear.
* * * LOW HITPOINT WARNING * * *
You barely miss the gnoll. The gnoll hits you with a spear.
* * * LOW HITPOINT WARNING * * *
The orc shouts!
You puncture the gnoll! You drain the gnoll!
You kill the gnoll!
Cheibriados appreciates the change of pace.
The orc throws a tomahawk.
The tomahawk barely misses you.
You feel better.
The gnoll hits you from afar with a spear.
* * * LOW HITPOINT WARNING * * *
The gnoll barely misses you.
You closely miss the gnoll. You bite the gnoll.
The gnoll is heavily wounded.
The gnoll barely misses you. The gnoll hits you with a whip.
* * * LOW HITPOINT WARNING * * *
A gnoll comes into view. It is wielding a halberd.
The gnoll shouts!
You hit the gnoll. You drain the gnoll!
You kill the gnoll!
Cheibriados appreciates the change of pace.
Cheibriados slows and strengthens your metabolism.
Cheibriados raises the support of your attributes as your movement slows.
The orc priest mumbles some strange prayers to Beogh against you.
Beogh smites you!
You die...

#..####
#.###.###
#.....#
#.# #####
##.##.#
#.# #.o
...##(#
#.# #o#
######(#
#.# #.#
#(# #.
#.# #.#
#o# #.#
#.# #@#
#.# #g#
#.#


go< #.# 8oo#. ####.# ....### #c.l.# .....# #l#### ##''g##### #.# #.....#..# #.#
#.....##.# ##l## You could see an orc priest, 3 gnolls and 2 orcs.

Vanquished Creatures
  Duvessa (D:4)
  An orc warrior (D:6)
  3 ice beasts (D:6)
  A phantom (D:6)
  Dowan (D:4)
  A centaur zombie (D:5)
  A crimson imp (D:3)
  4 orc priests
  2 hounds
  A centaur skeleton (D:6)
  An orc wizard (D:4)
  2 worker ants (D:6)
  A hound zombie (D:7)
  5 gnolls
  4 adders
  A shadow imp (D:6)
  2 adder skeletons
  4 worms
  4 dart slugs
  4 leopard geckos
  9 orcs
  2 bats
  7 giant cockroaches
  2 goblins (D:1)
  5 hobgoblins
  3 jackals (D:4)
  2 quokkas
  4 frilled lizards
  4 kobolds
  2 leopard gecko skeletons
  A rat (D:1)
85 creatures vanquished.

Notes
Turn   | Place    | Note
-------+----------+-------------------------------------------
     0 | D:1      | tidbits the Gnoll Earth Elementalist began the quest for the Orb.
     0 | D:1      | Reached XP level 1. HP: 13/13 MP: 6/6
    42 | D:1      | Reached skill level 2 in Transmutations
    65 | D:1      | Reached XP level 2. HP: 19/19 MP: 5/7
    69 | D:1      | Learned a level 2 spell: Passwall
   293 | D:3      | Reached XP level 3. HP: 25/25 MP: 5/9
   301 | D:3      | Reached skill level 5 in Spellcasting
   355 | D:3      | Reached skill level 1 in Fighting
   355 | D:3      | Reached skill level 1 in Short Blades
   355 | D:3      | Reached skill level 1 in Long Blades
   355 | D:3      | Reached skill level 1 in Axes
   355 | D:3      | Reached skill level 1 in Maces & Flails
   355 | D:3      | Reached skill level 1 in Polearms
   355 | D:3      | Reached skill level 1 in Staves
   355 | D:3      | Reached skill level 1 in Slings
   355 | D:3      | Reached skill level 1 in Bows
   355 | D:3      | Reached skill level 1 in Crossbows
   355 | D:3      | Reached skill level 1 in Throwing
   355 | D:3      | Reached skill level 1 in Armour
   355 | D:3      | Reached skill level 1 in Shields
   355 | D:3      | Reached skill level 1 in Unarmed Combat
   355 | D:3      | Reached skill level 1 in Invocations
   355 | D:3      | Reached skill level 1 in Evocations
   355 | D:3      | Reached XP level 4. HP: 32/32 MP: 6/11
   360 | D:3      | Found a hazy altar of Hepliaklqana.
   383 | D:3      | Reached skill level 1 in Conjurations
   383 | D:3      | Reached skill level 1 in Hexes
   383 | D:3      | Reached skill level 1 in Charms
   383 | D:3      | Reached skill level 1 in Summonings
   383 | D:3      | Reached skill level 1 in Necromancy
   383 | D:3      | Reached skill level 1 in Translocations
   383 | D:3      | Reached skill level 1 in Fire Magic
   383 | D:3      | Reached skill level 1 in Ice Magic
   383 | D:3      | Reached skill level 1 in Air Magic
   383 | D:3      | Reached skill level 1 in Poison Magic
   527 | D:4      | Reached XP level 5. HP: 34/37 MP: 8/12
   532 | D:4      | Noticed Dowan
   566 | D:5      | Entered Level 5 of the Dungeon
   610 | D:4      | Reached XP level 6. HP: 44/44 MP: 3/13
   619 | D:4      | Noticed Duvessa
   624 | D:4      | Killed Duvessa
   624 | D:4      | Reached skill level 2 in Fighting
   624 | D:4      | Reached skill level 2 in Short Blades
   624 | D:4      | Reached skill level 2 in Long Blades
   624 | D:4      | Reached skill level 2 in Axes
   624 | D:4      | Reached skill level 2 in Maces & Flails
   624 | D:4      | Reached skill level 2 in Polearms
   624 | D:4      | Reached skill level 2 in Staves
   624 | D:4      | Reached skill level 2 in Slings
   624 | D:4      | Reached skill level 2 in Bows
   624 | D:4      | Reached skill level 2 in Crossbows
   624 | D:4      | Reached skill level 2 in Throwing
   624 | D:4      | Reached skill level 2 in Armour
   624 | D:4      | Reached skill level 5 in Dodging
   624 | D:4      | Reached skill level 2 in Shields
   624 | D:4      | Reached skill level 2 in Unarmed Combat
   624 | D:4      | Reached skill level 2 in Invocations
   624 | D:4      | Reached skill level 2 in Evocations
   636 | D:4      | Killed Dowan
   676 | D:4      | Found Buzat's General Store.
   679 | D:4      | Bought a scroll of blinking for 97 gold pieces
   778 | D:5      | Reached XP level 7. HP: 50/50 MP: 11/15
   790 | D:6      | Found a snail-covered altar of Cheibriados.
   795 | D:6      | Became a worshipper of Cheibriados the Contemplative
   812 | D:6      | Learned a level 4 spell: Petrify
   993 | D:6      | Reached skill level 2 in Conjurations
   993 | D:6      | Reached skill level 2 in Hexes
   993 | D:6      | Reached skill level 2 in Charms
   993 | D:6      | Reached skill level 2 in Summonings
   993 | D:6      | Reached skill level 2 in Necromancy
   993 | D:6      | Reached skill level 2 in Translocations
   993 | D:6      | Reached skill level 3 in Transmutations
   993 | D:6      | Reached skill level 2 in Fire Magic
   993 | D:6      | Reached skill level 2 in Ice Magic
   993 | D:6      | Reached skill level 2 in Air Magic
   993 | D:6      | Reached skill level 2 in Poison Magic
  1087 | D:6      | Reached skill level 5 in Stealth
  1104 | D:6      | Reached skill level 3 in Invocations
  1162 | D:7      | Found a stormy altar of Qazlal.
  1191 | D:8      | Found a shimmering altar of Xom.
  1204 | D:8      | Reached XP level 8. HP: 26/57 MP: 16/16
  1239 | D:6      | Found Qupa's Magic Scroll Boutique.
  1244 | D:6      | Bought a scroll of fog for 28 gold pieces
  1244 | D:6      | Bought a scroll of remove curse for 42 gold pieces
  1267 | D:6      | Reached skill level 6 in Earth Magic
  1286 | D:6      | Reached skill level 3 in Fighting
  1286 | D:6      | Reached skill level 3 in Short Blades
  1286 | D:6      | Reached skill level 3 in Long Blades
  1286 | D:6      | Reached skill level 3 in Axes
  1286 | D:6      | Reached skill level 3 in Maces & Flails
  1286 | D:6      | Reached skill level 3 in Polearms
  1286 | D:6      | Reached skill level 3 in Staves
  1286 | D:6      | Reached skill level 3 in Slings
  1286 | D:6      | Reached skill level 3 in Bows
  1286 | D:6      | Reached skill level 3 in Crossbows
  1286 | D:6      | Reached skill level 3 in Throwing
  1286 | D:6      | Reached skill level 3 in Armour
  1286 | D:6      | Reached skill level 3 in Shields
  1286 | D:6      | Reached skill level 3 in Unarmed Combat
  1286 | D:6      | Reached skill level 3 in Evocations
  1407 | D:6      | Reached skill level 6 in Spellcasting
  1414 | D:6      | Reached * piety under Cheibriados
  1414 | D:6      | Killed from afar by an orc priest

Vault maps used:
D:1:      tarquinn_simple_flora_water_f, st_stairs_9
D:2:      uniq_robin, uniq_terence
D:3:      lemuel_crystal_altar, hangedman_decor_peaks_small,
          minmay_misc_feat_hallway
D:4:      serial_shops, nicolae_shop_behind_doors, first_ration, uniq_duvessa
D:5:      minmay_temple_entry_enclosed_plants
D:6:      slow_altar_2, serial_shops, shop
D:7:      hangedman_ru_absence, lemuel_doored_altar, grunt_livestock,
          nemelex_lonely_heart_becter
D:8:      xom_butterflies, demons_altar, serial_park_tiny_1,
          nemelex_altar_shiori

Skill      XL: |  1  2  3  4  5  6  7  8 |
---------------+-------------------------+-----
Transmutations | 2 3 |  3.4
Spellcasting   | 5 6 |  6.0
Fighting       | 1 2 3 |  3.1
Short Blades   | 1 2 3 |  3.1
Long Blades    | 1 2 3 |  3.1
Axes           | 1 2 3 |  3.1
Maces & Flails | 1 2 3 |  3.1
Polearms       | 1 2 3 |  3.1
Staves         | 1 2 3 |  3.1
Slings         | 1 2 3 |  3.1
Bows           | 1 2 3 |  3.1
Crossbows      | 1 2 3 |  3.1
Throwing       | 1 2 3 |  3.1
Armour         | 1 2 3 |  3.1
Shields        | 1 2 3 |  3.1
Unarmed Combat | 1 2 3 |  3.1
Invocations    | 1 2 3 |  3.5
Evocations     | 1 2 3 |  3.1
Conjurations   | 1 2 |  2.5
Hexes          | 1 2 |  2.5
Charms         | 1 2 |  2.5
Summonings     | 1 2 |  2.5
Necromancy     | 1 2 |  2.5
Translocations | 1 2 |  2.5
Fire Magic     | 1 2 |  2.5
Ice Magic      | 1 2 |  2.5
Air Magic      | 1 2 |  2.5
Poison Magic   | 1 2 |  2.5
Dodging        | 5 |  5.6
Stealth        | 5 |  5.3
Earth Magic    | 6 |  6.1

Action                   |  1- 3 |  4- 6 |  7- 9 || total
-------------------------+-------+-------+-------++-------
Melee: Short sword       |     6 |    19 |    95 ||   120
       Unarmed           |     1 |       |       ||     1
       Bite              |       |       |    12 ||    12
Throw: Throwing net      |       |       |     2 ||     2
 Cast: Sandblast         |    29 |    43 |    12 ||    84
       Petrify           |       |       |     4 ||     4
       Passwall          |       |       |     2 ||     2
Invok: Bend Time         |       |       |     8 ||     8
  Use: Potion            |       |     1 |     6 ||     7
       Scroll            |       |       |     5 ||     5
 Stab: Sleeping          |     1 |       |     2 ||     3
       Petrified         |       |       |     6 ||     6
  Eat: Ration            |       |       |     1 ||     1
Armor: Robe              |     2 |       |       ||     2
       Leather armour    |       |     3 |    21 ||    24
Dodge: Dodged            |     8 |    22 |    84 ||   114

Table legend:
 A = Spawn XP
 B = Non-spawn XP
 C = Spawn XP percentage of total XP
 D = Spawn monster count
 E = Non-spawn monster count
 F = Spawn count percentage of total count
 G = Total turns spent on level
                    A         B        C        D         E        F      G
               +---------+---------+-------+---------+---------+-------+---------
         Total |       0 |    1635 |   0.0 |       0 |      85 |   0.0 |  1414
               +---------+---------+-------+---------+---------+-------+---------
           D:1 |       0 |      26 |   0.0 |       0 |      14 |   0.0 |   235
           D:2 |       0 |       4 |   0.0 |       0 |       3 |   0.0 |    68
           D:3 |       0 |     123 |   0.0 |       0 |      15 |   0.0 |   206
           D:4 |       0 |     461 |   0.0 |       0 |      21 |   0.0 |   278
           D:5 |       0 |      50 |   0.0 |       0 |       2 |   0.0 |   144
           D:6 |       0 |     893 |   0.0 |       0 |      26 |   0.0 |   378
           D:7 |       0 |      33 |   0.0 |       0 |       2 |   0.0 |    59
           D:8 |       0 |      45 |   0.0 |       0 |       2 |   0.0 |    46
               +---------+---------+-------+---------+---------+-------+---------

Table legend:
 A = Turns spent in this place as a percentage of turns spent in the entire game.
 B = Non-inter-level travel turns spent in this place as a percentage of non-inter-level travel turns spent in the entire game.
 C = Inter-level travel turns spent in this place as a percentage of turns spent in this place.
 D = Turns resting spent in this place as a percentage of non-inter-level travel turns spent in this place.
 E = Turns spent auto-exploring this place as a percentage of non-inter-level travel turns spent in this place.
 F = Non-inter-level travel turns spent in this place divided by the number of levels of this place that you've seen.
                   A       B       C       D       E      F
               +-------+-------+-------+-------+-------+----------------------
         Total | 100.0 | 100.0 |   0.6 |   0.0 |   0.0 | 175.8
       Dungeon | 100.0 | 100.0 |   0.6 |   0.0 |   0.0 | 175.8
               +-------+-------+-------+-------+-------+----------------------

Table legend:
 A = Kills in this place as a percentage of kills in entire the game.
 B = Kills by you in this place as a percentage of kills by you in the entire game.
 C = Kills by friends in this place as a percentage of kills by friends in the entire game.
 D = Other kills in this place as a percentage of other kills in the entire game.
 E = Experience gained in this place as a percentage of experience gained in the entire game.
 F = Experience gained in this place divided by the number of levels of this place that you have seen.
                   A       B       C       D       E      F
               +-------+-------+-------+-------+-------+----------------------
         Total | 100.0 | 100.0 |   N/A |   N/A | 100.0 | 204.4
       Dungeon | 100.0 | 100.0 |   N/A |   N/A | 100.0 | 204.4
               +-------+-------+-------+-------+-------+----------------------

Vault maps used:
D:1:      tarquinn_simple_flora_water_f, st_stairs_9
D:2:      uniq_robin, uniq_terence
D:3:      lemuel_crystal_altar, hangedman_decor_peaks_small,
          minmay_misc_feat_hallway
D:4:      serial_shops, nicolae_shop_behind_doors, first_ration, uniq_duvessa
D:5:      minmay_temple_entry_enclosed_plants
D:6:      slow_altar_2, serial_shops, shop
D:7:      hangedman_ru_absence, lemuel_doored_altar, grunt_livestock,
          nemelex_lonely_heart_becter
D:8:      xom_butterflies, demons_altar, serial_park_tiny_1,
          nemelex_altar_shiori
